 Dungeon Crawl Stone Soup version 0.25.0-26-g0c896c7088 (webtiles) character file.

Game seed: 5066236286358505129

109 MisterFreud the Magician (level 4, -3/38 HPs)
             Began as a Ghoul Earth Elementalist on July 1, 2020.
             Slain by Crazy Yiuf
             ... wielding a +3 quarterstaff of chaos
              (24 damage)
             ... on level 2 of the Dungeon.
             The game lasted 00:02:36 (2570 turns).

MisterFreud the Magician (Ghoul Earth Elementalist) Turns: 2570, Time: 00:02:37

Health: -3/38      AC:  3    Str: 11    XL:     4   Next: 89%
Magic:  6/7        EV: 12    Int: 11    God:
Gold:   35         SH:  0    Dex:  9    Spells: 6/9 levels left

rFire    . . .     SeeInvis .   a - +2 hand axe (flame)
rCold    + . .     Gourm    .   (no shield)
rNeg     + + +     Faith    .   c - +0 robe
rPois    ∞         Spirit   .   r - +0 helmet
rElec    .         Reflect  .   (no cloak)
rCorr    .         Harm     .   (no gloves)
MR       .....                  (no boots)
Stlth    ++........             (no amulet)
HPRegen  0.00/turn              g - ring of flight
MPRegen  0.10/turn              (no ring)

@: rotting
A: rotting body, claws 1, carnivore, cold resistance 1, negative energy
resistance 3, inhibited regeneration, torment resistance, unbreathing
a: Evoke Flight


You were on level 2 of the Dungeon.
You were hungry.

You visited 1 branch of the dungeon, and saw 2 of its levels.

You collected 35 gold pieces.

Inventory:

Hand Weapons
 a - a +2 hand axe of flaming (weapon)
Missiles
 b - 138 stones (quivered)
 m - a throwing net
 n - 14 poisoned darts
Armour
 c - a +0 robe (worn)
 r - a +0 helmet (worn)
Jewellery
 g - a ring of flight (left claw)
Wands
 p - a wand of digging (8)
Scrolls
 f - a scroll of fear {unknown}
 k - 5 scrolls of identify {unknown}
 l - a scroll of fog {unknown}
 o - a scroll of amnesia {unknown}
 q - a scroll of magic mapping {unknown}
 t - a scroll of noise {unknown}
Potions
 e - 2 potions of stabbing {unknown}
 h - a potion of might {unknown}
 i - a potion of brilliance {unknown}
 j - 2 potions of heal wounds {unknown}
Comestibles
 d - 6 rations
 s - a chunk of flesh


   Skills:
 - Level 3.0 Fighting
 - Level 1.7 Dodging
 - Level 2.1 Stealth
 + Level 3.3 Spellcasting
 - Level 0.8 Transmutations
 - Level 3.2 Earth Magic


You had 6 spell levels left.
You knew the following spells:

 Your Spells              Type           Power        Failure   Level  Hunger
a - Sandblast             Erth           #.....       7%          1    #......
b - Passwall              Tmut/Erth      #.......     17%         2    ###....

Your spell library contained the following spells:

 Spells                   Type           Power        Failure   Level  Hunger
 Stone Arrow              Conj/Erth      #.....       36%         3    ###....
 Petrify                  Tmut/Erth      #.......     73%         4    #####..
 Lee's Rapid Deconstruct  Erth           #.........   88%         5    ######.


Dungeon Overview and Level Annotations

Branches:
Dungeon (2/15)

Altars:
Hepliaklqana
Qazlal

Annotations:
D:2 Crazy Yiuf


Innate Abilities, Weirdness & Mutations

Your body is rotting away.
You thrive on raw meat.
You are immune to poison.
You have sharp fingernails.
You are carnivorous and can eat meat at any time.
Your flesh is cold resistant. (rC+)
You are immune to negative energy. (rN+++)
You do not regenerate when monsters are visible.
You are immune to unholy pain and torment.
You can survive without breathing.


Message History

You see here a goblin skeleton. x2
You feel your flesh rotting away.
Eating one of 2 chunks of flesh.
You eat one of the 2 chunks of flesh.
You feel more resilient.
This raw flesh tastes great!
Things that are here:
a +0 dagger; a +0 hunting sling
There is a stone staircase leading up here.
You are feeling hungry.
You open the door.
Casting: Sandblast (safe; 7% risk of failure)
Confirm with . or Enter, or press ? or * to list all spells.
Aiming: Sandblast (safe; 7% risk of failure)
Press: ? - help, Shift-Dir - straight line, f - Crazy Yiuf
Aim: Crazy Yiuf, wielding a +3 quarterstaff of chaos and wearing a +1 cloak The blast of sand hits Crazy Yiuf but does no damage.
b - 138 stones Crazy Yiuf hits you with a +3 quarterstaff of chaos!
You convulse!!
Ouch! That really hurt!
You die...

#########
#........
#.####### #### #.#
#..# #.######
##.########
#......##
#.......#.### ###
#....<÷##
#........#..##...#
#......÷.
#.......####@g...#
#......##
#......## ###..)#
#......## #..#####
### #.##.### #...#
##.##.# #.###
#..##.# #.#### ###
########..##.#
#.##.###.#
##.##.......#.#
#........#
#...........#.#
### ####.#####
#..##.......#.#


You could see Crazy Yiuf.

Vanquished Creatures
  Robin (D:2)
  4 adders (D:2)
  An ooze (D:1)
  A worm (D:2)
  8 bats
  3 giant cockroaches
  7 hobgoblins
  2 jackals (D:1)
  2 frilled lizards
  16 goblins
  2 kobolds (D:2)
  5 rats
52 creatures vanquished.

Notes
Turn   | Place    | Note
-------+----------+-------------------------------------------
     0 | D:1      | MisterFreud the Ghoul Earth Elementalist began the quest
                  | for the Orb.
     0 | D:1      | Reached XP level 1. HP: 14/14 MP: 2/2
    15 | D:1      | Reached skill level 1 in Fighting
    35 | D:1      | Reached XP level 2. HP: 13/24 MP: 0/3
   864 | D:2      | Found a runed translucent door.
   865 | D:2      | Noticed Crazy Yiuf
   938 | D:2      | Reached XP level 3. HP: 21/30 MP: 4/4
  1086 | D:2      | Learned a level 2 spell: Passwall
  1432 | D:2      | Noticed Robin
  1433 | D:2      | Reached XP level 4. HP: 38/38 MP: 6/6
  1448 | D:2      | Killed Robin
  2261 | D:2      | Found a hazy altar of Hepliaklqana.
  2261 | D:2      | Found a stormy altar of Qazlal.
  2570 | D:2      | Slain by Crazy Yiuf

Illustrated notes

Levels and vault maps discovered:
D:1:      minmay_arrival_stone_box, layout_basic, minmay_misc_feat_pillars,
          supply_closet_lemuel
D:2:      layout_loops_ring, gammafunk_temple_overflow_elements, first_ration,
          uniq_crazy_yiuf_cottage, uniq_robin

Skill      XL: |  1  2  3  4 |
---------------+-------------+-----
Fighting       | 1 2 3 |  3.0
Spellcasting   | 2 3 |  3.3
Dodging        | |  1.7
Stealth        | |  2.1
Transmutations | |  0.8
Earth Magic    | |  3.2

Action                   |  1- 3 |  4- 6 || total
-------------------------+-------+-------++-------
Melee: Hand axe          |    91 |    34 ||   125
 Cast: Sandblast         |     3 |     7 ||    10
 Stab: Sleeping          |     3 |     1 ||     4
  Eat: Chunk             |     2 |     3 ||     5
Armor: Robe              |    27 |     9 ||    36
Dodge: Dodged            |    65 |    27 ||    92
